 Dungeon Crawl Stone Soup version 0.29-a0-419-g77450f2105 (webtiles) character file.

Game seed: 14267067248760962332

18 KhasaRR the Covered (level 2, -1/19 HPs)
             Began as a Gargoyle Fighter on May 18, 2022.
             Slain by a hobgoblin (2 damage)
             ... on level 1 of the Dungeon.
             The game lasted 00:01:46 (453 turns).

KhasaRR the Covered (Gargoyle Fighter)               Turns: 453, Time: 00:01:46

Health: -1/19      AC:  9    Str: 19    XL:     2   Next: 70%
Magic:  2/2        EV:  6    Int:  8    God:
Gold:   59         SH:  4    Dex:  9    Spells: 1/1 levels left

rFire   . . .      SeeInvis .   a - +0 flail
rCold   . . .      Faith    .   c - +0 buckler
rNeg    + . .      Spirit   .   b - +0 scale mail
rPois   ∞          Reflect  .   (no helmet)
rElec   +          Harm     .   (no cloak)
rCorr   .          Rampage  .   (no gloves)
Will    .....                   (no boots)
Stlth   ..........              h - amulet of magic regeneration
HPRegen 0.06/turn               (no ring)
MPRegen 0.48/turn               (no ring)

@: constricted
A: sickness immunity, AC +2, negative energy resistance 1, electricity
resistance, torment resistance 1, petrification resistance
a: no special abilities


You were on level 1 of the Dungeon.
You visited 1 branch of the dungeon, and saw 1 of its levels.

You collected 59 gold pieces.

Inventory:

Hand Weapons
 a - a +0 flail (weapon)
Missiles
 f - 2 throwing nets (quivered)
Armour
 b - a +0 scale mail (worn)
 c - a +0 buckler (worn)
Jewellery
 h - an amulet of magic regeneration (around neck)
Scrolls
 i - a scroll of vulnerability {unknown}
 j - a scroll of teleportation {unknown}
Potions
 d - a potion of might
 e - a potion of degeneration {unknown}
 g - a potion of curing


   Skills:
 + Level 3.5 Fighting
 + Level 2.1 Maces & Flails
 + Level 3.7 Armour
 + Level 3.7 Shields


You had one spell level left.
You didn't know any spells.
Your spell library was empty.

Dungeon Overview and Level Annotations

Branches:
Dungeon (1/15)

Altars:


Innate Abilities, Weirdness & Mutations

You are immune to sickness and miasma.
Your stone body is resilient. (AC +2)
You are immune to poison.
You resist negative energy. (rN+)
You are resistant to electric shocks. (rElec)
You are resistant to unholy torment.
You are immune to petrification.


Message History

The endoplasm is moderately wounded.
The hobgoblin hits you but does no damage.
The endoplasm freezes you.
You are frozen.
You hit the endoplasm.
You kill the endoplasm!
The hobgoblin hits you but does no damage.
The hobgoblin barely misses you. The ball python barely misses you. x2
You closely miss the ball python. The hobgoblin hits you.
The ball python bites you but does no damage.
The ball python grabs you. The ball python constricts you.
You closely miss the ball python. The ball python bites you.
The ball python constricts you.
The hobgoblin hits you but does no damage.
The ball python bites you. The ball python constricts you.
The hobgoblin completely misses you.
You are too injured to fight recklessly!
You are too injured to fight recklessly!
You are too injured to fight recklessly!
You closely miss the ball python. You block the ball python's attack.
The ball python constricts you.
The hobgoblin hits you but does no damage.
You closely miss the ball python.
The ball python bites you but does no damage.
The ball python constricts you. The hobgoblin hits you.
* * * LOW HITPOINT WARNING * * *
The ball python barely misses you. The ball python constricts you.
You barely miss the ball python.
The hobgoblin hits you but does no damage.
The ball python bites you but does no damage.
The ball python constricts you.
You barely miss the ball python. The ball python bites you.
* * * LOW HITPOINT WARNING * * *
The ball python constricts you.
* * * LOW HITPOINT WARNING * * *
The hobgoblin hits you.
* * * LOW HITPOINT WARNING * * *
The ball python barely misses you. The ball python constricts you.
The hobgoblin hits you.
You die...

..#####.....##.# ...
.#.....#.....#.## ...
###...###.......# ....
####.## ##..##..# .....
............#..†###.....
.....######.#.#.........
...... ...#.#.........
####.# #......#......
#.# #...##@#......
#...#Sg# .#### ........#
. ........# #........#
........# ........#
.........


You could see a hobgoblin and a ball python.

Vanquished Creatures
  A dart slug (D:1)
  2 endoplasms (D:1)
  A goblin (D:1)
  3 jackals (D:1)
  2 quokkas (D:1)
  3 bats (D:1)
  A kobold (D:1)
  2 rats (D:1)
15 creatures vanquished.

Notes
Turn   | Place    | Note
-------+----------+-------------------------------------------
     0 | D:1      | KhasaRR the Gargoyle Fighter began the quest for the Orb.
     0 | D:1      | Reached XP level 1. HP: 14/14 MP: 1/1
   177 | D:1      | Reached XP level 2. HP: 16/19 MP: 2/2
   453 | D:1      | Slain by a hobgoblin

Illustrated notes

Levels and vault maps discovered:
D:1:      onia_arrival_pyramid, layout_rooms

Action                   || total
-------------------------++-------
Melee: Flail             ||    56
  Use: Potion            ||     1
Armor: Scale mail        ||    41
Dodge: Dodged            ||    34
Block: Buckler           ||     7

Table legend: (Time is in decaauts)
 A = Elapsed time spent in this place.
 B = Non-inter-level travel time spent in this place.
 C = Inter-level travel time spent in this place.
 D = Time resting spent in this place.
 E = Time spent auto-exploring this place.
 F = Levels seen in this place.
 G = Mean time per level.
                   A        B        C        D        E       F      G
               +--------+--------+--------+--------+--------+-----+--------+
         Total |    471 |    471 |      0 |      0 |    330 |   1 |  471.0 |
       Dungeon |    471 |    471 |      0 |      0 |    330 |   1 |  471.0 |
               +--------+--------+--------+--------+--------+-----+--------+

Top non-repeatable levels by time:
     D:1: 471 daAuts
